cohdb
Replays
Latest Replays
All Replays
Popular Replays
Top Player Replays
Match Explorer
How It Works
Community
CoH3 Stats
Reddit
Sign in to upload your games and track your stats! →
Sign in with Steam
Match 42410349
Unlisted
Match 42410349
Overview
Messages
Build Orders
End
Panzergrenadier Squad
Selects Battlefield Espionage Battlegroup
Panzergrenadier Squad
250 Light Carrier
Construct Light Support Kompanie
Selects Intel Disruption Beacon
Assault Grenadier Squad
Fire Support Elements
Assault Mechanized Group
Combat Half-tracks
Flakvierling Half-track
2.5-tonne Medical Truck
Selects Plunder
Selects 250/3 Funkpanzerwagen
Pak 38 Anti-tank Gun Team
Construct Panzerarmee Kommand
Selects Anti-Tank Incendiary Munitions
le.IG 18 Mechanized Group
Tungsten Core Ammunition
Selects Disruption Operation
Pak 38 Anti-tank Gun Team
Panzer III L Medium Tank
Disruption Operation
Panzer III L Medium Tank
Advanced Field Repairs
Panzerpioneer Squad
Disruption Operation
MG34 Team
Selects Operation Skorpion
Operation Skorpion
Panzer III L Medium Tank
Panzer III L Medium Tank
Rapid Advance
Disruption Operation
Operation Skorpion
Panzer III L Medium Tank
Panzer III L Medium Tank
fleimeri
.Mercury-uK
Max
STALKER4732
kit.ohume
Devochkin
0
0
Comments
sign in to comment!
No comments posted yet!